 Seeded DCSS version 0.30.1-3-gfc49f6343a (webtiles) character file.

Game seed: 4840754667676823100 (custom seed)

49 CInkIbrahim the Poker (level 4, 35/35 HPs)
             Began as a Formicid Fighter on July 25, 2023.
             Quit the game on level 2 of the Dungeon.
             The game lasted 00:00:43 (1102 turns).

CInkIbrahim the Poker (Formicid Fighter)            Turns: 1102, Time: 00:00:43

Health: 35/35      AC:  6    Str: 23    XL:     4   Next: 1%
Magic:  4/4        EV:  9    Int:  7    God:
Gold:   42         SH:  5    Dex: 13    Spells: 3/3 levels left

rFire   . . .        a - +0 trident
rCold   . . .        c - +0 buckler
rNeg    . . .        b - +0 scale mail
rPois   .            (helmet unavailable)
rElec   .            (no cloak)
rCorr   .            (no gloves)
SInv    +            (no boots)
Will    .....        (no amulet) Stlth
                     (no ring)
HPRegen 0.25/turn    (no ring)
MPRegen 0.09/turn

%: no passive effects
@: studying Polearms
A: permanent stasis, dig shafts and tunnels, antennae 3, four strong arms
a: Dig, Shaft Self


You were on level 2 of the Dungeon.
You visited 1 branch of the dungeon, and saw 2 of its levels.

You collected 42 gold pieces.

Inventory:

Hand Weapons
 a - a +0 trident (weapon)
Armour
 b - a +0 scale mail (worn)
 c - a +0 buckler (worn)
Jewellery
 o - a +4 ring of protection
Scrolls
 f - 3 scrolls of identify {unknown}
 g - a scroll of amnesia {unknown}
 i - a scroll of torment {unknown}
 j - a scroll of fog {unknown}
 k - 3 scrolls of fear {unknown}
 n - a scroll of acquirement
 q - a scroll of blinking {unknown}
Potions
 d - a potion of might
 e - a potion of curing {unknown}
 h - 2 potions of degeneration {unknown}
 l - a potion of mutation {unknown}
 m - a potion of flight {unknown}
 p - 2 potions of heal wounds {unknown}


   Skills:
 - Level 3.2 Fighting
 + Level 4.3 Polearms
 - Level 3.2 Armour
 - Level 4.0 Shields


You had 3 spell levels left.
You didn't know any spells.
Your spell library contained the following spells:

 Spells                   Type           Power      Damage    Failure   Level
 Necrotise                Necr           0%         1d4       80%         1
 Lesser Beckoning         Tloc           0%         N/A       91%         2
 Momentum Strike          Conj/Tloc      0%         3d8       91%         2
 Vampiric Draining        Necr           0%         2d6       99%         3
 Agony                    Necr           0%         N/A       100%        5
 Blink                    Tloc           Unusable   N/A       N/A         2

Dungeon Overview and Level Annotations

Branches:
Dungeon (2/15)

Altars:


Innate Abilities, Weirdness & Mutations

You cannot be hasted, slowed, berserked, paralysed or teleported.
You can dig through walls and to a lower floor.
You have a pair of large antennae on your head. (SInv)
Your four strong arms can wield two-handed weapons with a shield.


Message History

The endoplasm quivers.
You puncture the endoplasm!
You kill the endoplasm!
You open the door.
A frilled lizard comes into view.
There is an open door here.
A frilled lizard is nearby!
You reach to attack!
You miss the frilled lizard.
A frilled lizard is nearby!
You hit the frilled lizard.
You kill the frilled lizard!
Found a leather armour.
Found a stone staircase leading down.
No target in view!
o - a +4 ring of protection No target in view!
There is a stone staircase leading down here.
p - a bubbling yellow potion No target in view!
p - 2 bubbling yellow potions (gained 1)
q - a scroll labelled ILAWYOZAIT No target in view!
f - 3 scrolls labelled GUTHROF CERUTRU (gained 1)
You open the door.
There is an open door here.
You open the door.
There is an open door here.
Found 9 stones.
No target in view!
You see here 9 stones.
You sense a monster nearby.
No target in view!
A quokka comes into view.
You see here a ring of fire.
You see here a scroll labelled OZOELA IRPHIU.
A quokka is nearby!
You hit the quokka.
You kill the quokka!
You have reached level 4!
You feel stronger.
Are you sure you want to abandon this character and quit the game? (Confirm with "yes".)

.# #.# .# #.# #..
.# #.# #.# .# #.#
#.# .# #.# #.# .#
#.# #.#
.###########.# #.#
.............# #†#
################@#
...............=.#
.#################
##


There were no monsters in sight!

Vanquished Creatures
  A gnoll (D:1)
  A worm (D:2)
  2 dart slugs
  3 ball pythons
  An endoplasm (D:2)
  3 goblins (D:1)
  3 hobgoblins (D:1)
  4 kobolds (D:1)
  3 quokkas
  3 bats
  4 frilled lizards
  3 rats (D:1)
31 creatures vanquished.

Notes
Turn   | Place    | Note
-------+----------+-------------------------------------------
     0 | D:1      | CInkIbrahim the Formicid Fighter began the quest for the
                  | Orb.
     0 | D:1      | Reached XP level 1. HP: 18/18 MP: 1/1
   155 | D:1      | Reached XP level 2. HP: 24/24 MP: 2/2
   327 | D:1      | Reached XP level 3. HP: 27/29 MP: 3/3
   690 | D:1      | Identified a scroll of acquirement
   690 | D:1      | Acquired a manual of Polearms
  1102 | D:2      | Reached XP level 4. HP: 35/35 MP: 4/4
  1102 | D:2      | Quit the game

Illustrated notes

Levels and vault maps discovered:
D:1:      tarquinn_simple_flora_water_f, layout_basic
D:2:      layout_basic

Skill      XL: |  1  2  3 |
---------------+----------+-----
Polearms       | 3 4 |  4.3
Fighting       | |  3.2
Armour         | |  3.2
Shields        | |  4.0

Action                     |  1- 3 |  4- 6 || total
---------------------------+-------+-------++-------
  Melee: Trident           |    83 |       ||    83
    Use: Scroll            |     1 |       ||     1
 Armour: Scale mail        |    20 |       ||    20
  Dodge: Dodged            |    11 |       ||    11
  Block: Buckler           |    22 |       ||    22
